General information
- name: BNet
- type: Ladder 1vs1/FFA
- host: Battle.net
- saver: mu.geN
map: RoadToStratholme
- players: 2
- length: 65:04
- speed: Fast
- version: 1.24 W3XP
- replay type: Public
» download(178 KB)
Players
team 1 (loser)

»
GothicTorment69 (
teal | 35 APM | 2253 actions | 65:00)
4 Dreadlord
2 Vampiric Aura
2 Sleep
2 Dark Ranger
1 Black Arrow
1 Life Drain
» actions
| Assign group hotkey | 21 | |
| Basic commands | 72 | |
| Build / train | 73 | |
| Enter build submenu | 27 | |
| Enter hero's abilities submenu | 6 | |
| Give item / drop item | 7 | |
| Remove unit from queue | 1 | |
| Right click | 812 | |
| Select / deselect | 803 | |
| Select group hotkey | 305 | |
| Use ability | 125 | |
2253 total
» units
| Acolyte | 3 | |
| Ghoul | 8 | |
| Forest Troll Shadow Priest | 1 | |
| Mud Golem | 1 | |
| Goblin Shredder | 1 | |
| Obsidian Statue | 2 | |
| Necromancer | 3 | |
| Crypt Fiend | 3 | |
| Meatwagon | 3 | |
| Gargoyle | 5 | |
| Frost Wyrm | 1 | |
31 total
» upgrades
| Unholy Strength | 3 | |
| Cannibalize | 1 | |
| Unholy Armor | 3 | |
| Necromancer Training | 2 | |
| Skeletal Longevity | 1 | |
| Skeletal Mastery | 1 | |
| Ghoul Frenzy | 1 | |
| Exhume Corpses | 1 | |
| Destroyer Form | 1 | |
| Web | 1 | |
| Stone Form | 1 | |
| Creature Attack | 1 | |
| Creature Carapace | 1 | |
18 total
» buildings
| Crypt | 2 | |
| Ziggurat | 12 | |
| Altar of Darkness | 1 | |
| Nerubian Tower | 7 | |
| Graveyard | 2 | |
| Spirit Tower | 3 | |
| Halls of the Dead | 1 | |
| Tomb of Relics | 1 | |
| Black Citadel | 1 | |
| Temple of the Damned | 2 | |
| Slaughterhouse | 1 | |
| Sacrificial Pit | 1 | |
| Boneyard | 1 | |
35 total
» build order
00:16 Crypt
00:22 Ziggurat
00:46 Altar of Darkness
01:23 Nerubian Tower
02:12 Ziggurat
02:32 Graveyard
02:38 Ziggurat
02:56 Ziggurat
04:31 Spirit Tower
04:34 Nerubian Tower
06:26 Halls of the Dead
07:02 Tomb of Relics
10:16 Black Citadel
11:02 Temple of the Damned
11:15 Graveyard
11:25 Temple of the Damned
11:57 Slaughterhouse
12:30 Ziggurat
12:43 Ziggurat
12:46 Ziggurat
12:49 Ziggurat
13:02 Ziggurat
13:23 Ziggurat
13:30 Ziggurat
13:40 Ziggurat
14:01 Nerubian Tower
14:03 Nerubian Tower
14:06 Spirit Tower
14:28 Spirit Tower
14:34 Nerubian Tower
14:43 Nerubian Tower
14:51 Nerubian Tower
21:11 Sacrificial Pit
21:33 Crypt
23:32 Boneyard
» items
| Staff of Teleportation | 2 | |
| Boots of Speed | 1 | |
3 total
team 2 (winner)
mu.geN (
blue | 55 APM | 3582 actions | 65:04)
8 Dark Ranger
2 Black Arrow
3 Life Drain
2 Silence
1 Charm
6 Archmage
2 Summon Water Elemental
3 Brilliance Aura
1 Mass Teleport
5 Mountain King
3 Storm Bolt
2 Thunder Clap
» actions
| Assign group hotkey | 82 | |
| Basic commands | 338 | |
| Build / train | 174 | |
| ESC pressed | 3 | |
| Enter build submenu | 73 | |
| Enter hero's abilities submenu | 19 | |
| Give item / drop item | 15 | |
| Remove unit from queue | 1 | |
| Right click | 1067 | |
| Select / deselect | 752 | |
| Select group hotkey | 552 | |
| Use ability | 506 | |
3582 total
» units
| Peasant | 17 | |
| Footman | 8 | |
| Goblin Shredder | 1 | |
| Rifleman | 1 | |
| Forest Troll Shadow Priest | 1 | |
| Sorceress | 4 | |
| Priest | 5 | |
| Spell Breaker | 1 | |
| Knight | 2 | |
| Gryphon Rider | 4 | |
| Flying Machine | 5 | |
| Obsidian Statue | 9 | |
| Acolyte | 1 | |
| Dragonhawk Rider | 1 | |
| Mortar Team | 2 | |
| Necromancer | 3 | |
65 total
» upgrades
| Defend | 1 | |
| Gunpowder | 3 | |
| Masonry | 3 | |
| Long Rifles | 1 | |
| Magic Sentry | 1 | |
| Sorceress Training | 1 | |
| Priest Training | 2 | |
| Armor | 3 | |
| Swords | 3 | |
| Animal War Training | 1 | |
| Storm Hammers | 1 | |
| Cloud | 1 | |
| Lumber Harvesting | 2 | |
| Plating | 3 | |
| Barrage | 1 | |
| Fragmentation Shards | 1 | |
| Flare | 1 | |
| Flak Cannons | 1 | |
| Flying Machine Bombs | 1 | |
| Creature Attack | 3 | |
| Creature Carapace | 3 | |
| Destroyer Form | 1 | |
| Necromancer Training | 2 | |
| Unholy Strength | 1 | |
| Unholy Armor | 1 | |
42 total
» buildings
| Barracks | 1 | |
| Farm | 16 | |
| Altar of Kings | 1 | |
| Scout Tower | 27 | |
| Arcane Tower | 3 | |
| Town Hall | 3 | |
| Lumber Mill | 1 | |
| Blacksmith | 2 | |
| Arcane Vault | 2 | |
| Keep | 1 | |
| Guard Tower | 10 | |
| Arcane Sanctum | 1 | |
| Gryphon Aviary | 3 | |
| Castle | 1 | |
| Workshop | 3 | |
| Necropolis | 3 | |
| Altar of Darkness | 1 | |
| Graveyard | 2 | |
| Tomb of Relics | 1 | |
| Ziggurat | 5 | |
| Halls of the Dead | 1 | |
| Nerubian Tower | 4 | |
| Slaughterhouse | 1 | |
| Black Citadel | 1 | |
| Sacrificial Pit | 1 | |
| Temple of the Damned | 1 | |
96 total
» build order
00:05 Barracks
00:36 Farm
00:37 Farm
01:07 Altar of Kings
01:45 Scout Tower
02:13 Farm
02:28 Arcane Tower
02:33 Farm
04:54 Town Hall
05:05 Scout Tower
05:09 Town Hall
05:25 Farm
05:26 Farm
05:30 Lumber Mill
05:48 Arcane Tower
06:21 Blacksmith
06:33 Arcane Vault
07:02 Keep
07:21 Scout Tower
07:22 Scout Tower
07:23 Scout Tower
07:23 Scout Tower
07:30 Scout Tower
07:31 Scout Tower
07:31 Scout Tower
07:32 Scout Tower
07:33 Scout Tower
07:54 Guard Tower
08:24 Guard Tower
08:26 Guard Tower
08:28 Scout Tower
09:12 Scout Tower
09:14 Scout Tower
09:27 Guard Tower
09:45 Arcane Sanctum
10:22 Guard Tower
10:36 Farm
10:36 Farm
10:36 Farm
10:40 Gryphon Aviary
10:41 Gryphon Aviary
10:44 Gryphon Aviary
11:24 Castle
12:28 Scout Tower
12:29 Scout Tower
12:55 Farm
12:58 Farm
13:30 Blacksmith
14:32 Scout Tower
14:32 Scout Tower
14:36 Scout Tower
14:36 Scout Tower
14:37 Scout Tower
14:38 Scout Tower
14:40 Scout Tower
14:40 Scout Tower
15:14 Guard Tower
15:29 Guard Tower
15:42 Town Hall
15:44 Arcane Tower
16:08 Scout Tower
16:09 Scout Tower
16:40 Guard Tower
16:42 Scout Tower
16:51 Farm
18:04 Arcane Vault
18:10 Farm
20:02 Guard Tower
21:04 Guard Tower
23:35 Farm
23:36 Farm
23:36 Farm
26:36 Workshop
26:37 Workshop
26:39 Workshop
36:27 Necropolis
36:40 Necropolis
38:20 Altar of Darkness
38:28 Graveyard
39:25 Graveyard
39:31 Tomb of Relics
39:57 Ziggurat
40:01 Ziggurat
40:49 Ziggurat
40:52 Necropolis
40:54 Halls of the Dead
40:58 Nerubian Tower
41:56 Nerubian Tower
43:34 Ziggurat
43:36 Ziggurat
43:59 Slaughterhouse
44:01 Black Citadel
44:11 Nerubian Tower
44:45 Sacrificial Pit
45:20 Temple of the Damned
45:51 Nerubian Tower
» items
| Scroll of Regeneration | 1 | |
| Mechanical Critter | 2 | |
| Boots of Speed | 2 | |
| Periapt of Vitality | 2 | |
| Scroll of Healing | 2 | |
| Potion of Lesser Invulnerability | 2 | |
| Tome of Retraining | 1 | |
| Scroll of Town Portal | 3 | |
| Potion of Invisibility | 1 | |
| Orb of Fire | 1 | |
| Sacrificial Skull | 1 | |
| Staff of Sanctuary | 1 | |
19 total
Chat log
(01:07 / All) GothicTorment69: sup
(01:43 / All) GothicTorment69: eat it whore
(25:34 / All) mu.geN: leave noob
(25:35 / All) mu.geN: you lost
(25:36 / All) mu.geN: hard
(25:47 / All) mu.geN: humiliatingly bad actually.
(26:09 / All) GothicTorment69: LOL
(26:18 / All) mu.geN: fucking terrible, you shouldnt talk shit
(26:46 / All) GothicTorment69: YOUR BY FAR THE WORST PLAYER i HAVE SEEN TONIGHT...
(26:54 / All) GothicTorment69: what a pity
(26:54 / All) mu.geN: funny that you have to type that in caps
(26:56 / All) mu.geN: while losing
(27:04 / All) mu.geN: lmao
(27:04 / All) GothicTorment69: ]you wasted our time... noob
(27:11 / All) mu.geN: by winning?
(27:21 / All) mu.geN: you're not making sense
(27:28 / All) mu.geN: but that's of course because you are trying to save face
(27:37 / All) GothicTorment69: ?
(27:52 / All) mu.geN: you talk about how i wasted time but i won and you lost
(27:59 / All) mu.geN: i coulda rushed you but its more fun to starve u
(28:44 / All) mu.geN: LOL
(29:01 / All) mu.geN: i could just charm ur frost wyrm
(29:04 / All) mu.geN: but then id be in upkeep
(29:13 / All) GothicTorment69: yeah that sucks
(29:23 / All) mu.geN: wanna see how much gold i can hoarde against a noob
(30:33 / All) mu.geN: yawn
(30:40 / All) GothicTorment69: what a fag
(30:42 / All) mu.geN: u mad?
(30:51 / All) GothicTorment69: nah... amused
(30:56 / All) mu.geN: nice face saving
(31:04 / All) GothicTorment69: ? - so lame
(31:08 / All) mu.geN: so leave
(31:10 / All) mu.geN: you cant win
(31:16 / All) GothicTorment69: why?
(31:22 / All) mu.geN: ok then go win the game
(31:22 / All) mu.geN: :D
(31:24 / All) mu.geN: lol
(31:31 / All) mu.geN: thanks for letting me double fast expo
(31:37 / All) GothicTorment69: np
(31:47 / All) mu.geN: and for not killing my critters in your base
(31:53 / All) mu.geN: so i knew exactly when you were teching
(32:00 / All) mu.geN: and unsummoning your boneyard
(32:08 / All) mu.geN: you gonna unsummon those towers too?
(32:11 / All) GothicTorment69: i know
(32:14 / All) mu.geN: no you didnt
(32:16 / All) mu.geN: not until i told you
(32:17 / All) mu.geN: lol
(32:29 / All) mu.geN: there ya go
(32:44 / All) GothicTorment69: i knew they were yours... didn't particularyly care
(32:47 / All) mu.geN: sure
(32:53 / All) mu.geN: so you let me scout you freely
(32:56 / All) mu.geN: pro
(33:48 / All) mu.geN: forgot to lvl up your hero?
(33:56 / All) mu.geN: thx for the feed
(34:03 / All) GothicTorment69: np noob
(34:13 / All) mu.geN: im so noob and you lost to me?
(37:45 / All) mu.geN: wasnt my critter that time
(37:48 / All) mu.geN: i thought you knew :D
(37:54 / All) GothicTorment69: lol
(38:03 / All) GothicTorment69: doesn't matter... noob
(38:09 / All) mu.geN: you keep calling me a noo
(38:10 / All) mu.geN: b
(38:13 / All) mu.geN: yet im clearly winning
(38:17 / All) mu.geN: doesnt make much sense does it
(38:38 / All) GothicTorment69: winning means you actually played... sorry kid... you suck
(38:43 / All) mu.geN: lol?
(39:04 / All) mu.geN: why do u get so angry :(
(39:33 / All) GothicTorment69: like I said... amused and disguste3d by you... nothing more
(39:43 / All) mu.geN: you're really trying to hard to convince me you don't care
(39:46 / All) mu.geN: just so ya know
(42:21 / All) mu.geN: yay exp
(43:15 / All) mu.geN: can you afford to be this wasteful?
(43:23 / All) GothicTorment69: finally someone who can use a ranger... nice
(43:52 / All) GothicTorment69: apparently
(54:31 / All) mu.geN: that sucks
(54:46 / All) mu.geN: unsummoned so you could revive your hero
(59:03 / All) GothicTorment69: such a sad little noob
(59:08 / All) mu.geN: yes u are :D
(59:17 / All) GothicTorment69: lol
(59:21 / All) mu.geN: oh look a destroyer
(63:58 / All) mu.geN: STOMPED
(64:30 / All) GothicTorment69: peace out noob
(64:32 / All) mu.geN: u mad
(64:33 / All) mu.geN: leave in anger
(64:37 / All) GothicTorment69: waste your own time... sad...
(64:40 / All) mu.geN: so youre saying
(64:45 / All) mu.geN: my time is more valuable than yours?
(64:53 / All) GothicTorment69: aparently
(64:53 / All) mu.geN: because thats what it implies